 Dungeon Crawl Stone Soup version 0.24.0-3-g28a8eb0610 (webtiles) character file.

Game seed: 17533393647062790930, levelgen mode: deterministic

198 Acheron the Sneak (level 5, -16/26 HPs)
             Began as a Vine Stalker Assassin on Nov 1, 2019.
             Demolished by an ogre
             ... wielding a +0 giant club
              (23 damage)
             ... on level 5 of the Dungeon.
             The game lasted 00:11:05 (2006 turns).

Acheron the Sneak (Vine Stalker Assassin)           Turns: 2006, Time: 00:11:06

Health: -16/26     AC:  4    Str: 13    XL:     5   Next: 76%
Magic:  0/7        EV: 12    Int: 11    God:
Gold:   153        SH:  0    Dex: 17    Spells: 5/5 levels left

rFire    . . .     SeeInvis .   a - +2 dagger
rCold    . . .     Gourm    .   (no shield)
rNeg     . . .     Faith    .   b - +0 robe
rPois    .         Spirit   +   (no helmet)
rElec    .         Reflect  .   c - +0 cloak
rCorr    .         Harm     .   h - +0 pair of gloves
MR       .....                  (no boots)
Stlth    +++.......             (no amulet)
HPRegen  0.48/turn              (no ring)
MPRegen  0.10/turn              (no ring)

@: no status effects
A: fangs 2, regeneration 1, magic shield, antimagic bite, no potion heal 3, rot
immunity
a: no special abilities


You were on level 5 of the Dungeon.
You were not hungry.

You visited 1 branch of the dungeon, and saw 5 of its levels.

You collected 153 gold pieces.

Inventory:

Hand Weapons
 a - a +2 dagger (weapon)
 t - a +0 flail
Missiles
 d - 26 poisoned darts (quivered)
 e - 2 curare-tipped darts
 i - 90 stones
 k - a throwing net
Armour
 b - a +0 robe (worn)
 c - a +0 cloak (worn)
 h - a +0 pair of gloves (worn)
 m - a +3 scale mail
Scrolls
 j - a scroll of immolation {unknown}
 o - 4 scrolls of identify {unknown}
 q - a scroll of remove curse {unknown}
 s - 3 scrolls of blinking {unknown}
Potions
 g - a potion of invisibility {unknown}
 l - a potion of mutation {unknown}
 n - a potion of degeneration {unknown}
 p - a potion of might {unknown}
 u - 2 potions of magic {unknown}
Comestibles
 f - 9 rations
 r - 3 chunks of flesh


   Skills:
 * Level 2.2 Fighting
 * Level 2.9 Short Blades
 * Level 2.5 Throwing
 * Level 0.6 Armour
 * Level 1.5 Dodging
 + Level 6.3 Stealth
 * Level 0.8 Spellcasting


You had 5 spell levels left.
You didn't know any spells.
Your spell library was empty.

Dungeon Overview and Level Annotations

Branches:
Dungeon (5/15)
 Temple: D:4-7

Altars:
Ashenzari
Fedhas
Ru

Annotations:
D:2 Sigmund
D:3 exclusion: downstairs, Natasha
D:4 Eustachio


Innate Abilities, Weirdness & Mutations

You have extremely sharp teeth.
Your natural rate of healing is unusually fast.
When hurt, damage is shared between your health and your magic reserves.
Your bite disrupts and absorbs the magic of your enemies.
Potions cannot restore your health.
You are immune to rotting.


Message History

f - 8 rations (gained 1)
Found a ration.
Found a leather armour.
A frilled lizard comes into view.
You see here a ration.
f - 9 rations (gained 1)
An ogre comes into view. It is wielding a +0 giant club.
The helpless frilled lizard fails to defend itself.
You skewer the frilled lizard like a kebab!!!
You kill the frilled lizard!
The ogre shouts!
The ogre hits you with a +0 giant club!!
Ouch! That really hurt!
* * * LOW HITPOINT WARNING * * *
You barely miss the ogre. You hit the ogre.
The ogre is lightly wounded.
The ogre hits you with a +0 giant club!!
Ouch! That really hurt!
You die...

##.# ##.#. #####
#########.###
#...###..........#.
#[......####...##.#
#...##### #.....###
##.## ##...##
#####.## ##.##
#...†@.# #.#
#.###O.# #.# #..#
#+# #..# #..# ...#
.... ....


You could see an ogre.

Vanquished Creatures
  A howler monkey (D:2)
  A hound (D:5)
  An orc wizard (D:3)
  A worker ant (D:3)
  A gnoll (D:4)
  2 adders
  An adder skeleton (D:4)
  A dart slug (D:2)
  2 leopard geckos (D:3)
  An orc (D:3)
  3 ball pythons
  4 bats
  3 giant cockroaches
  3 goblins (D:2)
  6 hobgoblins
  2 quokkas (D:2)
  7 frilled lizards
  5 kobolds
  4 rats
49 creatures vanquished.

Notes
Turn   | Place    | Note
-------+----------+-------------------------------------------
     0 | D:1      | Acheron the Vine Stalker Assassin began the quest for the
                  | Orb.
     0 | D:1      | Reached XP level 1. HP: 11/11 MP: 2/2
   111 | D:1      | Reached skill level 5 in Stealth
   248 | D:1      | Reached XP level 2. HP: 15/15 MP: 3/3
   284 | D:1      | Reached skill level 1 in Dodging
   773 | D:2      | Noticed Sigmund
   863 | D:2      | Found a blossoming altar of Fedhas.
   947 | D:2      | Reached XP level 3. HP: 12/18 MP: 4/4
  1074 | D:2      | Found a shattered altar of Ashenzari.
  1326 | D:2      | Gained mutation: Your natural rate of healing is unusually
                  | fast. [Vine Stalker growth]
  1326 | D:2      | Reached XP level 4. HP: 5/23 MP: 2/5
  1331 | D:2      | Reached skill level 6 in Stealth
  1617 | D:4      | Noticed Eustachio
  1639 | D:4      | Noticed a phantom
  1725 | D:3      | Reached XP level 5. HP: 26/26 MP: 6/6
  1749 | D:3      | Found a sacrificial altar of Ru.
  1780 | D:3      | Noticed Natasha
  1959 | D:5      | Entered Level 5 of the Dungeon
  2000 | D:5      | Noticed an ogre
  2006 | D:5      | Demolished by an ogre

Levels and vault maps discovered:
D:1:      minmay_arrival_semitransparent, layout_loops_ring
D:2:      layout_basic, fedhas_ov_isle_minmay, ashenzari_altar_1, first_ration,
          uniq_sigmund
D:3:      layout_basic, nicolae_ru_great_annihilating_truth, lemuel_round_altar,
          chequers_ecumenical_altar_island, serial_curves, eino_curves_02,
          eino_curves_04, nicolae_qazlal_eye_of_the_storm, uniq_natasha
D:4:      layout_loops_cross, temple_hall, nemelex_dance_club_becter,
          uniq_eustachio
D:5:      layout_loops_corners

Skill      XL: |  1  2  3  4 |
---------------+-------------+-----
Stealth        | 5 6 |  6.3
Dodging        | 1 |  1.5
Throwing       | 2 |  2.5
Short Blades   | 2 |  2.9
Fighting       | 2 |  2.2
Armour         | |  0.6
Spellcasting   | |  0.8

Action                   |  1- 3 |  4- 6 || total
-------------------------+-------+-------++-------
Melee: Dagger            |    87 |    45 ||   132
       Bite              |    23 |    18 ||    41
 Stab: Sleeping          |    12 |     8 ||    20
       Distracted        |     1 |       ||     1
       Paralysed         |       |     1 ||     1
  Eat: Chunk             |     1 |     2 ||     3
Armor: Robe              |    18 |     6 ||    24
Dodge: Dodged            |    44 |    20 ||    64
